 Dungeon Crawl Stone Soup version 0.27.1-34-g3ba077fa99 (webtiles) character file.

Game seed: 11190699071752084025

5259 pkoi the Grappler (level 10, -13/69 HPs)
             Began as a White Draconian Warper on Jan 14, 2022.
             Was a Follower of Hepliaklqana.
             Mangled by a red devil (21 damage)
             ... summoned by a kobold demonologist
             ... on level 10 of the Dungeon.
             The game lasted 00:22:41 (10387 turns).

pkoi the Grappler (White Draconian Warper)         Turns: 10387, Time: 00:22:42

Health: -13/69     AC:  8    Str: 13    XL:     10   Next: 36%
Magic:  16/19      EV: 12    Int: 16    God:    Hepliaklqana [*.....]
Gold:   399        SH:  0    Dex: 12    Spells: 11/21 levels left

rFire    . . .     SeeInvis .     - Unarmed
rCold    + . .     Faith    .   (no shield)
rNeg     . . .     Spirit   .   (armour unavailable)
rPois    +         Reflect  .   (helmet restricted)
rElec    .         Harm     .   (no cloak)
rCorr    .         Rampage  .   (no gloves)
Will     .....                  x - +0 pair of boots
Stlth    +.........             u - amulet of regeneration
HPRegen  1.21/turn              n - ring of wizardry
MPRegen  0.16/turn              y - ring of poison resistance

@: short of breath
A: reduced essence, breathe frost, AC +7, unfitting armour, cold resistance 1,
cold-blooded
a: Breathe Frost, Renounce Religion, Recall Ancestor, Ancestor Identity


You were on level 10 of the Dungeon.
You worshipped Hepliaklqana.
Hepliaklqana was aware of your devotion.
You visited 2 branches of the dungeon, and saw 11 of its levels.

You collected 399 gold pieces.

Inventory:

Hand Weapons
 b - a +1 dagger of venom
 h - a +2 dagger of draining
Missiles
 c - 5 boomerangs of dispersal
 i - 2 throwing nets
 j - 53 poisoned darts (quivered)
Armour
 x - a +0 pair of boots (worn)
Jewellery
 m - a ring of see invisible
 n - a ring of wizardry (left hand)
 o - a ring of resist corrosion
 u - an amulet of regeneration (around neck)
 y - a ring of poison resistance (right hand)
Wands
 k - a wand of digging (10)
 v - a wand of polymorph (6)
 C - a wand of flame (36)
Scrolls
 a - 4 scrolls of blinking
 g - 3 scrolls of amnesia
 l - a scroll of immolation
 q - 3 scrolls of teleportation
 z - 3 scrolls of enchant armour
 A - a scroll of magic mapping
 B - 3 scrolls of fear
 F - a scroll of vulnerability {unknown}
 G - a scroll of identify
Potions
 d - 2 potions of magic {unknown}
 e - 2 potions of might
 f - 2 potions of ambrosia {unknown}
 p - 2 potions of curing
 r - 2 potions of attraction
 s - a potion of cancellation
 t - 2 potions of flight {unknown}
 w - 5 potions of heal wounds {unknown}
 D - 2 potions of haste
 E - a potion of resistance


   Skills:
 + Level 3.0 Fighting
 - Level 0.8 Throwing
 + Level 3.0 Dodging
 + Level 9.4 Unarmed Combat
 - Level 6.0 Spellcasting
 + Level 6.0 Summonings
 + Level 9.0 Translocations


You had 11 spell levels left.
You knew the following spells:

 Your Spells              Type           Power      Damage    Failure   Level
a - Blink                 Tloc           N/A        N/A       1%          2
b - Call Canine Familiar  Summ           24%        N/A       1%          3
c - Manifold Assault      Tloc           33%        N/A       4%          5

Your spell library contained the following spells:

 Spells                   Type           Power      Damage    Failure   Level
 Call Imp                 Summ           24%        N/A       1%          2
 Gell's Gravitas          Tloc           16%        N/A       1%          3
 Lesser Beckoning         Tloc           16%        N/A       1%          3
 Teleport Other           Tloc           33%        N/A       1%          3
 Portal Projectile        Hex/Tloc       38%        N/A       2%          3
 Magic Dart               Conj           16%        1d3       6%          1
 Mephitic Cloud           Conj/Pois/Air  4%         N/A       16%         3
 Leda's Liquefaction      Hex/Erth       2%         N/A       45%         4


Dungeon Overview and Level Annotations

Branches:
Dungeon (10/15)            Temple (1/1) D:7            Lair (0/6) D:9
    Orc: D:9-12

Altars:
Cheibriados
Dithmenos
Elyvilon
Fedhas
Gozag
Hepliaklqana
Makhleb
Nemelex Xobeh
Qazlal
Sif Muna
Trog
Vehumet
Wu Jian
Xom
Yredelemnul
Zin
The Shining One

Shops:
D:3 (   D:5 :   D:8 ?

Annotations:
D:7 3 runed translucent doors, JJisdabomb's ghost, novice DsAK; NOTTavin's ghost, amateur GnFi
D:9 2 runed translucent doors, dnasty's ghost, journeyman GnGl


Innate Abilities, Weirdness & Mutations

Your life essence is reduced to manifest your ancestor. (-10% HP)
You can breathe waves of freezing cold which knock back foes.
Your icy white scales are hard. (AC +7)
You cannot fit into any form of body armour.
Your flesh is cold resistant. (rC+)
You are cold-blooded and may be slowed by cold attacks.


Message History

The ufetubus misses you.
Your hound bites the kobold demonologist.
The white imp closely misses Aya.
Unknown command.
The ufetubus barely misses you. The ufetubus misses you.
Your hound barely misses the kobold demonologist.
The red devil hits your hound with a +0 trident.
Aya hits the kobold demonologist.
The red devil hits you from afar with a +2 vorpal trident!
* * * LOW HITPOINT WARNING * * *
x2 Your hound misses the kobold demonologist.
Press: ? - help, Shift-Dir - straight line, f/p - kobold demonologist
Aim: a kobold demonologist, wielding a +0 dagger and wearing a +0 robe (heavily wounded, poisoned, ally target)
You exhale a wave of freezing cold.
The freezing breath hits the kobold demonologist!
The kobold demonologist is severely wounded.
The kobold demonologist is blown backwards by the freezing wind.
The kobold demonologist collides with the orange demon!
The freezing breath hits the orange demon.
The orange demon is lightly wounded.
The orange demon is blown backwards by the freezing wind.
The red devil hits your hound with a +0 trident!
Aya hits the kobold demonologist.
Your hound bites the kobold demonologist.
The red devil barely misses you.
Unknown command.
Your +1 dagger of venom stops dripping with poison.
You are now empty-handed.
The red devil hits your hound with a +0 trident!
Your hound dies!
Your hound's corpse disappears in a puff of smoke!
The ufetubus hits you but does no damage. x2
You closely miss the kobold demonologist.
The kobold demonologist is almost dead.
The red devil disappears in a puff of smoke!
Aya hits the kobold demonologist.
The ufetubus barely misses you. The ufetubus closely misses you.
The kobold demonologist hits Aya with a +0 dagger.
The red devil hits you from afar with a +2 vorpal trident!!
You die...

#### ....###+#####
.............
.####.........
#.........#
#.4....#..#
#.####...§..#..+
#.....4.§......#
#.KR......#
#.@5......#
#..5......#
#.....<...#
#..#......#
####.###..# #.....# .#
#.#.### # #.._..# ..
##################.#.#
...


You could see the friendly Aya the ancestor, an orange demon (summoned), a
kobold demonologist (poisoned, ally target), a red devil (summoned), a white imp
(summoned) and an ufetubus (summoned).

Vanquished Creatures
  A two-headed ogre (D:9)
  A hornet (D:9)
  Eustachio (D:6)
  4 yaks (D:4)
  2 steam dragons
  4 orc warriors
  A hornet zombie (D:7)
  2 black bears
  2 ice beasts
  A necrophage (D:5)
  3 ogres
  A centaur (D:10)
  2 kobold brigands
  2 bullfrogs
  A gnoll sergeant (D:6)
  2 scorpions (D:4)
  A wyvern zombie (D:8)
  A water moccasin skeleton (D:4)
  9 killer bees (D:9)
  2 jellies (D:5)
  4 centaur zombies
  A bullfrog zombie (D:6)
  A hound (D:5)
  2 bullfrog skeletons (D:5)
  3 orc priests
  5 iguanas
  5 orc wizards
  2 hound skeletons
  3 gnolls (D:6)
  3 howler monkey skeletons
  2 adders
  A worm (D:3)
  5 dart slugs
  25 orcs
  7 endoplasms
  2 giant cockroaches
  10 goblins
  9 hobgoblins
  6 jackals
  5 ball pythons
  3 bats
  5 frilled lizards
  21 kobolds
  5 rats
178 creatures vanquished.

Vanquished Creatures (collateral kills)
  A steam dragon (D:9)
  A water moccasin (D:7)
  A killer bee zombie (D:7)
  A white imp (D:7)
  A kobold (D:9)
5 creatures vanquished.

Vanquished Creatures (others)
  3 ancestors (D:9)
  3 plants (D:4)
6 creatures vanquished.

Grand Total: 189 creatures vanquished

Notes
Turn   | Place    | Note
-------+----------+-------------------------------------------
     0 | D:1      | pkoi the Draconian Warper began the quest for the Orb.
     0 | D:1      | Reached XP level 1. HP: 17/17 MP: 3/3
   395 | D:1      | Reached XP level 2. HP: 25/25 MP: 5/5
  1133 | D:1      | Reached XP level 3. HP: 26/30 MP: 6/6
  2629 | D:2      | Reached XP level 4. HP: 36/38 MP: 6/8
  2759 | D:2      | Learned a level 2 spell: Blink
  3808 | D:3      | Found a faded altar of an unknown god.
  3905 | D:3      | Found Zuner's Antique Weapon Shoppe.
  4119 | D:3      | Reached XP level 5. HP: 41/45 MP: 9/9
  4502 | D:4      | Reached XP level 6. HP: 7/51 MP: 10/10
  4850 | D:4      | Noticed a yak
  4884 | D:4      | Killed a yak
  4994 | D:4      | Noticed a yak
  4994 | D:4      | Noticed a yak
  4998 | D:4      | Noticed a yak
  5023 | D:4      | Killed a yak
  5024 | D:4      | Reached skill level 5 in Unarmed Combat
  5024 | D:4      | Reached skill level 5 in Translocations
  5024 | D:4      | Your scales start taking on an icy white colour.
  5024 | D:4      | Reached XP level 7. HP: 57/57 MP: 11/11
  5024 | D:4      | Gained mutation: Your flesh is cold resistant. (rC+) [White
                  | Draconian growth]
  5034 | D:4      | Learned a level 3 spell: Call Canine Familiar
  5056 | D:4      | Killed a yak
  5083 | D:4      | Killed a yak
  5091 | D:4      | Learned a level 5 spell: Manifold Assault
  5356 | D:4      | Found a faded altar of an unknown god.
  5356 | D:4      | Found an ornate altar of the Wu Jian Council.
  5364 | D:4      | Found a faded altar of an unknown god.
  5366 | D:4      | Found a glowing silver altar of Zin.
  5368 | D:4      | Found a snail-covered altar of Cheibriados.
  5403 | D:5      | Entered Level 5 of the Dungeon
  5472 | D:5      | Reached skill level 1 in Summonings
  5472 | D:5      | Reached XP level 8. HP: 52/62 MP: 12/12
  5658 | D:5      | Found Otaini Dise's Book Emporium.
  6328 | D:6      | Found a basalt altar of Yredelemnul.
  6330 | D:6      | Noticed a profane servitor
  6339 | D:6      | Found a glowing golden altar of the Shining One.
  6453 | D:6      | Noticed Eustachio
  6517 | D:6      | Killed Eustachio
  6958 | D:6      | Noticed an angel
  7034 | D:7      | Reached XP level 9. HP: 35/69 MP: 15/15
  7216 | D:7      | Found a runed translucent gate.
  7217 | D:7      | Found a runed translucent gate.
  7481 | D:7      | Found a runed translucent gate.
  7481 | D:7      | Noticed NOTTavin's ghost (amateur GnFi)
  7482 | D:7      | Noticed JJisdabomb's ghost (novice DsAK)
  7498 | D:7      | Identified the +5 war axe "X" {venom, Will+ Str+6 Int-3}
  7550 | D:6      | Reached skill level 5 in Spellcasting
  7868 | D:7      | Found a staircase to the Ecumenical Temple.
  7877 | Temple   | Entered the Ecumenical Temple
  7882 | Temple   | Became a worshipper of Hepliaklqana the Forgotten
  8107 | D:8      | Found a shimmering altar of Xom.
  8688 | D:8      | Found Rauwaify's Magic Scroll Shoppe.
  8879 | D:8      | Found a bloodstained altar of Trog.
  8960 | D:9      | Reached skill level 5 in Summonings
  9162 | D:9      | Found a large runed translucent door.
  9162 | D:9      | Found a large runed translucent door.
  9165 | D:9      | Noticed dnasty's ghost (journeyman GnGl)
  9302 | D:9      | Reached XP level 10. HP: 77/77 MP: 18/18
  9322 | D:9      | Reached * piety under Hepliaklqana
  9323 | D:9      | Found a staircase to the Lair.
  9395 | D:9      | Noticed a cyclops
  9838 | D:9      | Noticed a two-headed ogre
  9863 | D:9      | Killed a two-headed ogre
  9974 | D:9      | Found a sparkling altar of Nemelex Xobeh.
 10149 | D:10     | Entered Level 10 of the Dungeon
 10350 | D:10     | Found an opulent altar of Gozag.
 10384 | D:10     | Noticed an orange demon
 10387 | D:10     | Mangled by a red devil

Illustrated notes

Levels and vault maps discovered:
D:1:      minmay_arrival_checkered_box, layout_basic, grunt_decor_fettered
D:2:      layout_loops_ring
D:3:      minmay_general_purpose_star, layout_loops_ring,
          shapermc_ecumenical_altar_ellora, serial_shops, nicolae_lakefront_shop
D:4:      layout_loops_ring, chequers_temple_overflow_minitemple,
          minmay_misc_feat_nine_boxes, serial_bayou_pond_b
D:5:      layout_rooms, serial_shops, nicolae_lakefront_shop,
          grunt_decor_mini_mirrors, kennysheep_another_room
D:6:      wander_river, layout_loops_cross, grunt_temple_overflow_holy_war,
          serial_park_tiny_1, amcnicky_mini_corridor_feature, uniq_eustachio
D:7:      layout_cave_pools, minmay_temple_entry_wispy, gammafunk_ghost_cemetery
D:8:      layout_loops_cross, mainiacjoe_overflow_paths,
          mainiacjoe_overflow_chevrons, serial_shops,
          nicolae_shop_window_shopping
D:9:      layout_loops_ring, nemelex_diamond_rough_becter, lair_entry_dummy,
          ebering_ghost_disaster_area
D:10:     layout_stronghold, nicolae_gozag_cash_rules_everything_around_me,
          kennysheep_orc_monster_closet_entryway, kennysheep_generic_room_14,
          uniq_grum
Temple:   cyrus_circular_temple

Skill      XL: |  1  2  3  4  5  6  7  8  9 10 |
---------------+-------------------------------+-----
Fighting       | 3 |  3.0
Unarmed Combat | 3 4 5 6 7 8 9 |  9.4
Dodging        | 3 |  3.0
Spellcasting   | 3 4 5 6 |  6.0
Translocations | 4 5 6 7 8 9 |  9.0
Summonings     | 1 3 5 6 |  6.0
Throwing       | |  0.8

Action                   |  1- 3 |  4- 6 |  7- 9 | 10-12 || total
-------------------------+-------+-------+-------+-------++-------
Melee: Unarmed           |    21 |    13 |   257 |    48 ||   339
       Dagger            |   123 |   133 |   191 |    34 ||   481
       Tailslap          |    16 |    24 |    57 |    10 ||   107
       Punch             |       |     3 |    22 |     4 ||    29
Throw: Dart              |       |       |    20 |       ||    20
 Cast: Call Canine Famil |       |       |     9 |     7 ||    16
Invok: Ancestor Identity |       |       |       |     1 ||     1
 Abil: Breathe Frost     |       |       |    13 |     5 ||    18
  Use: Scroll            |       |     4 |    11 |       ||    15
 Stab: Sleeping          |       |     1 |       |       ||     1
Armor: Skin              |    38 |    49 |   158 |    41 ||   286
Dodge: Dodged            |    83 |    92 |   289 |    78 ||   542
